[Event "Titled Tuesday Blitz November 08 Early 2022"]
[White "Koridze, Lile"]
[Black "Adewumi, Tanitoluwa"]
[WhiteFideId "13612514"]
[BlackFideId "30966396"]
[WhiteElo "2050"]
[BlackElo "2539"]
[Result "0-1"]
[Round "10"]
[TimeControl "180+1"]
[Date "2022.11.09"]
[WhiteClock "0:00:19"]
[BlackClock "0:00:52"]

1. d4 Nf6 2. c4 e6 3. Nf3 b6 4. g3 Ba6 5. b3 Bb4+ 6. Bd2 Be7 7. Nc3 c6 8. Bg2 d5 9. Ne5 Nfd7 10. Nxd7 Nxd7 11. cxd5 cxd5 12. O-O O-O 13. Re1 Rc8 14. e4 Bb4 15. Qf3 Bxc3 16. Bxc3 dxe4 17. Qe3 Nf6 18. Bb2 Bb7 19. Qg5 h6 20. Qh4 Rc2 21. Ba3 Qxd4 22. Qf4 Rd8 23. Bf1 Nd5 24. Qxe4 Qxf2+ 25. Kh1 Qxh2# 0-1


[Site "https://www.chess.com"]

[Event "Titled Tuesday Blitz November 08 Early 2022"]
[White "Kozak, Antoni"]
[Black "Safin, Robert"]
[WhiteFideId "21832030"]
[BlackFideId "34189120"]
[WhiteElo "2447"]
[BlackElo "2253"]
[Result "0-1"]
[Round "10"]
[TimeControl "180+1"]
[Date "2022.11.09"]
[WhiteClock "0:00:02"]
[BlackClock "0:00:52"]

1. Nf3 Nf6 2. d3 g6 3. g3 Bg7 4. Bg2 O-O 5. O-O d6 6. c4 e5 7. Nc3 Nc6 8. Rb1 a5 9. a3 h6 10. b4 axb4 11. axb4 Be6 12. b5 Ne7 13. Ne1 d5 14. cxd5 Nfxd5 15. Bd2 Nxc3 16. Bxc3 Nd5 17. Bb2 Qd7 18. Nf3 Qd6 19. Nd2 c6 20. Nc4 Qc7 21. bxc6 bxc6 22. Ba3 Rfd8 23. Bc5 Nc3 24. Qc2 Nxb1 25. Bb6 Qd7 26. Bxd8 Bxc4 27. Rxb1 Ba2 28. Ra1 Bb3 29. Qb1 Rxa1 30. Qxa1 Qxd8 31. Bxc6 e4 32. Qa3 exd3 0-1


[Site "https://www.chess.com"]

[Event "Titled Tuesday Blitz November 08 Early 2022"]
[White "Kuznetsova, Olga"]
[Black "Shuvalova, Polina"]
[WhiteFideId "4191323"]
[BlackFideId "24171760"]
[WhiteElo "2134"]
[BlackElo "2342"]
[Result "1/2-1/2"]
[Round "10"]
[TimeControl "180+1"]
[Date "2022.11.09"]
[WhiteClock "0:00:21"]
[BlackClock "0:00:02"]

1. d4 Nf6 2. g3 d5 3. Bg2 e6 4. Nf3 Be7 5. O-O O-O 6. Nbd2 b5 7. a4 b4 8. c4 bxc3 9. bxc3 Nbd7 10. Re1 Bb7 11. Rb1 Qc8 12. Ne5 Nxe5 13. dxe5 Nd7 14. f4 Rb8 15. Nf3 c5 16. Qc2 Bc6 17. Be3 Qa6 18. Rxb8 Rxb8 19. Ra1 h6 20. Nd2 Qxe2 21. Bf2 c4 22. Bf1 Qh5 23. Bg2 Rc8 24. Rb1 Nc5 25. Nxc4 dxc4 26. Bxc6 Rxc6 27. Rb8+ Bf8 28. Qd2 f5 29. Bxc5 Rxc5 30. Qd6 Kh7 31. Qxf8 Qd1+ 32. Kg2 Qe2+ 33. Kh3 Qh5+ 34. Kg2 Qe2+ 35. Kh3 Qg4+ 36. Kg2 Rc7 37. Qg8+ Kg6 38. Qe8+ Kh7 39. Qg8+ Kg6 40. Qe8+ Kh7 41. Qg8+ 1/2-1/2


[Site "https://www.chess.com"]

[Event "Titled Tuesday Blitz November 08 Early 2022"]
[White "Ladan, Nicholas"]
[Black "Broca Jimenez, Fernando"]
[WhiteFideId "30918855"]
[BlackFideId "5104742"]
[WhiteElo "2167"]
[BlackElo "2062"]
[Result "1-0"]
[Round "10"]
[TimeControl "180+1"]
[Date "2022.11.09"]
[WhiteClock "0:00:21"]
[BlackClock "0:00:02"]

1. Nc3 g6 2. e4 Bg7 3. d4 c5 4. Be3 cxd4 5. Bxd4 Nf6 6. e5 Ng8 7. e6 Nf6 8. exf7+ Kxf7 9. Bc4+ e6 10. Nf3 Re8 11. Nb5 d5 12. Ne5+ Kg8 13. Bd3 Nc6 14. O-O a6 15. Nxc6 bxc6 16. Nc3 e5 17. Bc5 e4 18. Be2 Rb8 19. Na4 Bf5 20. b3 Qc8 21. c4 Nd7 22. Bd4 dxc4 23. Bxc4+ Kh8 24. Bxg7+ Kxg7 25. Qd4+ Nf6 26. Rad1 Qc7 27. Nc5 Rbd8 28. Qc3 a5 29. Rxd8 Rxd8 30. Be6 Re8 31. Bxf5 gxf5 32. Rd1 Kg6 33. g3 e3 34. fxe3 Ng4 35. Rd7 Rxe3 36. Qg7+ 1-0


[Site "https://www.chess.com"]

[Event "Titled Tuesday Blitz November 08 Early 2022"]
[White "Levitan, Caleb Levi"]
[Black "Zaichenko, Daria"]
[WhiteFideId "14332620"]
[BlackFideId "4197453"]
[WhiteElo "1963"]
[BlackElo "2039"]
[Result "0-1"]
[Round "10"]
[TimeControl "180+1"]
[Date "2022.11.09"]
[WhiteClock "0:00:02"]
[BlackClock "0:00:04"]

1. e4 c5 2. Nf3 Nc6 3. Nc3 e5 4. Bc4 d6 5. d3 Be7 6. O-O Nf6 7. Ng5 O-O 8. f4 h6 9. Nf3 Nd4 10. Nxd4 cxd4 11. Ne2 Qc7 12. Qe1 Nxe4 13. fxe5 dxe5 14. Rxf7 Rxf7 15. Bxf7+ Kxf7 16. dxe4 Qxc2 17. Bd2 Qxe4 18. Qf2+ Kg8 19. Ng3 Qg6 20. Re1 Bf6 21. Qf3 Rb8 22. Qd5+ Qf7 23. Qd6 Ra8 24. Ne4 Qe6 25. Qc7 Qd7 26. Qc4+ Qf7 27. Nxf6+ gxf6 28. Qd3 Kg7 29. Rc1 Be6 30. Qg3+ Kh7 31. Qh4 Qg6 32. Bxh6 Qxh6 33. Rc7+ Kg6 34. Qg3+ Qg5 35. Rxb7 Qxg3 36. hxg3 Bxa2 37. b3 a5 38. Kf2 Rc8 39. Ke1 Rc2 40. Rb5 Rb2 41. Rxa5 Bxb3 42. Rb5 Rb1+ 43. Kd2 Ba2 44. Ra5 Bc4 45. Ra8 Rb2+ 46. Kc1 Rxg2 47. Rc8 Bd3 48. Rg8+ Kf5 49. Rf8 Rxg3 50. Kd2 e4 51. Re8 Rg2+ 52. Kd1 Kf4 53. Rf8 f5 54. Rh8 e3 55. Rh4+ Kf3 56. Rxd4 Rg1# 0-1


[Site "https://www.chess.com"]

[Event "Titled Tuesday Blitz November 08 Early 2022"]
[White "Lewtak, Damian"]
[Black "Yuan, Qingyu"]
[WhiteFideId "1141724"]
[BlackFideId "8609772"]
[WhiteElo "2329"]
[BlackElo "2359"]
[Result "0-1"]
[Round "10"]
[TimeControl "180+1"]
[Date "2022.11.09"]
[WhiteClock "0:00:34"]
[BlackClock "0:00:25"]

1. e4 c6 2. Nf3 d5 3. d3 dxe4 4. dxe4 Qxd1+ 5. Kxd1 Nf6 6. Bd3 Bg4 7. Ke2 Nbd7 8. Be3 Ne5 9. h3 Bxf3+ 10. gxf3 e6 11. Nd2 Ned7 12. c3 Bd6 13. a4 Nh5 14. Nc4 Bc7 15. b4 Ne5 16. Nxe5 Bxe5 17. Bd4 f6 18. Bxe5 fxe5 19. Ke3 O-O-O 20. Bc4 Nf4 21. h4 Rd7 22. Rad1 Rhd8 23. Rxd7 Rxd7 24. h5 h6 25. a5 Kd8 26. b5 cxb5 27. Bxb5 Rd6 28. Rb1 Nxh5 29. Bf1 Kc7 30. c4 Nf4 31. Be2 Rc6 32. Rb5 Ng6 33. Rb1 Nf4 34. Rb5 Rd6 35. Bf1 Ng6 36. Be2 Nf4 37. Bf1 Rd1 38. Rxe5 g5 39. Rc5+ Kb8 40. a6 Rxf1 41. Kd4 Rd1+ 42. Kc3 bxa6 0-1


[Site "https://www.chess.com"]

[Event "Titled Tuesday Blitz November 08 Early 2022"]
[White "Lopez Martinez, Josep Manuel"]
[Black "Reprintsev, Alexander"]
[WhiteFideId "2212943"]
[BlackFideId "14100541"]
[WhiteElo "2471"]
[BlackElo "2230"]
[Result "0-1"]
[Round "10"]
[TimeControl "180+1"]
[Date "2022.11.09"]
[WhiteClock "0:00:04"]
[BlackClock "0:00:19"]

1. e4 d5 2. exd5 Qxd5 3. d4 Nc6 4. Nf3 Bg4 5. Be2 O-O-O 6. Be3 e5 7. c4 Qa5+ 8. Bd2 Bb4 9. d5 Bxf3 10. Bxf3 Nd4 11. Nc3 Qa6 12. Be2 Nf6 13. a3 Bxc3 14. Bxc3 Nxe2 15. Qxe2 Rhe8 16. O-O-O Kb8 17. Rhe1 Nd7 18. Bb4 Qh6+ 19. Qe3 Qxe3+ 20. fxe3 f5 21. b3 Nf6 22. Kc2 g5 23. h3 h5 24. Bc3 Ne4 25. Rf1 Ng3 26. Rf3 h4 27. Rf2 Rd7 28. Re1 Rf7 29. e4 f4 30. c5 Kc8 31. b4 c6 32. d6 Kd7 33. Rf3 Ke6 34. Kd3 Rd7 35. Kc4 Rg8 36. a4 a6 37. b5 axb5+ 38. axb5 Ra8 39. bxc6 bxc6 40. Rb1 Ra4+ 41. Bb4 Nxe4 42. Kb3 Rxb4+ 43. Kxb4 Nd2 44. Ka5 Nxb1 45. Kb6 Nd2 46. Rd3 Ne4 47. Kxc6 g4 48. hxg4 Rd8 49. d7 Nxc5 50. Rd6+ Ke7 51. Kxc5 Rxd7 52. Rxd7+ Kxd7 53. Kd5 f3 54. gxf3 h3 55. g5 Ke7 56. g6 Kf6 57. f4 exf4 58. Kd4 Kxg6 59. Ke4 h2 60. Kxf4 h1=Q 61. Kg3 Qe4 62. Kh2 Qg4 63. Kh1 Kf5 64. Kh2 Kf4 65. Kh1 Kf3 66. Kh2 Qg2# 0-1


[Site "https://www.chess.com"]

[Event "Titled Tuesday Blitz November 08 Early 2022"]
[White "Luberanski, Jakub"]
[Black "Fernandez De La Vara, Arnaldo"]
[WhiteFideId "21830509"]
[BlackFideId "3518388"]
[WhiteElo "2109"]
[BlackElo "2387"]
[Result "0-1"]
[Round "10"]
[TimeControl "180+1"]
[Date "2022.11.09"]
[WhiteClock "0:00:38"]
[BlackClock "0:00:20"]

1. d4 c5 2. d5 Nf6 3. Nc3 a6 4. a4 d6 5. e4 g6 6. Nf3 Bg4 7. Be2 Bxf3 8. Bxf3 Bg7 9. O-O O-O 10. Bf4 Nbd7 11. Re1 Ne8 12. Qd2 Nc7 13. h3 b5 14. axb5 axb5 15. Rxa8 Qxa8 16. Bg5 Re8 17. Be2 Qa6 18. f4 Nb6 19. Bd3 Na4 20. Nxa4 Qxa4 21. b3 Qd4+ 22. Kh1 c4 23. bxc4 bxc4 24. Qa5 cxd3 25. Qxc7 Qf2 26. Rd1 Qxc2 27. Qxc2 dxc2 28. Rc1 Rc8 29. e5 f6 30. exf6 exf6 31. Bh4 f5 0-1


[Site "https://www.chess.com"]

[Event "Titled Tuesday Blitz November 08 Early 2022"]
[White "Madaminov, Mukhiddin"]
[Black "Xiong, Jeffery"]
[WhiteFideId "14210703"]
[BlackFideId "2047640"]
[WhiteElo "2341"]
[BlackElo "2725"]
[Result "1-0"]
[Round "10"]
[TimeControl "180+1"]
[Date "2022.11.08"]
[WhiteClock "0:00:02"]
[BlackClock "0:00:03"]

1. d4 e6 2. Nc3 Bb4 3. Bf4 Nf6 4. e3 Nd5 5. Ne2 Nxf4 6. Nxf4 Bxc3+ 7. bxc3 O-O 8. Bd3 d6 9. Qh5 h6 10. O-O Nd7 11. Qf3 e5 12. Ne2 Nf6 13. Ng3 c6 14. Nh5 Nxh5 15. Qxh5 Qe7 16. Rfb1 f5 17. Qd1 Be6 18. f4 exf4 19. exf4 b5 20. a4 a6 21. Qe2 Qf7 22. Re1 Bd5 23. Qf2 Rfe8 24. Re3 Rxe3 25. Qxe3 Re8 26. Qf2 Be4 27. axb5 axb5 28. Bf1 Kh7 29. h3 Re6 30. Kh2 Rg6 31. g3 Qd5 32. Ra5 Qf7 33. Ra8 Re6 34. c4 Qb7 35. Ra1 bxc4 36. Bxc4 Re8 37. Bd3 Qb2 38. Re1 d5 39. g4 Rf8 40. Bxe4 fxe4 41. f5 Qc3 42. Re2 Qa3 43. Kg2 Qd6 44. c4 Re8 45. c5 Qf6 46. Qe3 Rb8 47. Rd2 Rb1 48. Qf4 Qh4 49. Rf2 Rb3 50. Qh2 Rd3 51. f6 Qxf2+ 52. Kxf2 Rd2+ 53. Kg3 Rxh2 54. f7 Rd2 55. f8=Q Rd3+ 56. Kg2 1-0


[Site "https://www.chess.com"]

[Event "Titled Tuesday Blitz November 08 Early 2022"]
[White "Maghsoodloo, Parham"]
[Black "Lazavik, Denis"]
[WhiteFideId "12539929"]
[BlackFideId "13515110"]
[WhiteElo "2676"]
[BlackElo "2483"]
[Result "1-0"]
[Round "10"]
[TimeControl "180+1"]
[Date "2022.11.08"]
[WhiteClock "0:01:16"]
[BlackClock "0:00:02"]

1. d4 Nf6 2. c4 e6 3. Nf3 d5 4. g3 Be7 5. Bg2 O-O 6. O-O dxc4 7. Qc2 a6 8. a4 Bd7 9. Bg5 Bc6 10. Rd1 Nbd7 11. Nbd2 h6 12. Bxf6 Nxf6 13. Nxc4 a5 14. Nfe5 Bxg2 15. Kxg2 c6 16. e4 Qc7 17. h4 Rad8 18. Rac1 Bb4 19. Qe2 Qe7 20. Qe3 Nd7 21. Nd3 Nf6 22. f3 Rc8 23. g4 Nh7 24. h5 Rfd8 25. e5 Rc7 26. Nc5 Rd5 27. Ne4 Ng5 28. Ned6 b5 29. Nb6 Rxd6 30. exd6 Bxd6 31. axb5 cxb5 32. Nc8 Qd8 33. Nxd6 Qxd6 34. Qe5 Rxc1 35. Qxd6 Rxd1 36. Qd8+ Kh7 37. Qxa5 Rxd4 38. Qxb5 f6 39. b4 e5 40. Qc5 Rd2+ 41. Kg3 e4 42. Qf5+ Kg8 43. fxe4 Rd3+ 44. Kg2 Rd2+ 45. Kf1 Rb2 46. b5 Kh8 47. Qc8+ Kh7 48. Qc5 Kh8 49. b6 Nf7 50. Qf8+ 1-0


[Site "https://www.chess.com"]

[Event "Titled Tuesday Blitz November 08 Early 2022"]
[White "Makridis, Dimitrios"]
[Black "Jeet, Jain"]
[WhiteFideId "25864475"]
[BlackFideId "5073022"]
[WhiteElo "2272"]
[BlackElo "2067"]
[Result "1-0"]
[Round "10"]
[TimeControl "180+1"]
[Date "2022.11.09"]
[WhiteClock "0:00:05"]
[BlackClock "0:00:09"]

1. c4 c5 2. b4 cxb4 3. Nf3 d5 4. cxd5 Qxd5 5. a3 b3 6. Nc3 Qa5 7. Qxb3 Nf6 8. e4 e6 9. e5 Nfd7 10. d4 Nc6 11. Bd2 Qb6 12. Qa4 a6 13. d5 exd5 14. Nxd5 Qd8 15. Bg5 Be7 16. Nxe7 Nxe7 17. Bd3 h6 18. Bh4 O-O 19. Qe4 g6 20. Bc4 Qa5+ 21. Kf1 Nf5 22. e6 fxe6 23. Qxe6+ Kh7 24. Be7 Nb6 25. Qe1 Qxe1+ 26. Rxe1 Re8 27. Bb3 Rxe7 28. Rd1 Be6 29. Bxe6 Rxe6 30. g4 Ne7 31. Kg2 Rf8 32. Rhe1 Rxe1 33. Rxe1 Nbd5 34. Kg3 b5 35. h4 Kg7 36. Rc1 Rc8 37. Re1 Rc3 38. g5 h5 39. Kg2 Rxa3 40. Ne5 Nf4+ 41. Kg1 Nf5 42. Rd1 Nxh4 43. Rd7+ Kf8 44. Rf7+ Ke8 45. Rxf4 Nf5 46. Nxg6 Ng7 47. Ne5 Ne6 48. Rf5 Ra4 49. g6 Rf4 50. Rxf4 Nxf4 51. g7 Ne2+ 52. Kh2 Ke7 53. g8=Q Kd6 54. Nf3 Nf4 55. Qd8+ Kc5 56. Qc7+ 1-0


[Site "https://www.chess.com"]

[Event "Titled Tuesday Blitz November 08 Early 2022"]
[White "Manon-og, Ramon Jr."]
[Black "Jiganchine, Roman"]
[WhiteFideId "5200776"]
[BlackFideId "2603667"]
[WhiteElo "2243"]
[BlackElo "2325"]
[Result "0-1"]
[Round "10"]
[TimeControl "180+1"]
[Date "2022.11.09"]
[WhiteClock "0:01:15"]
[BlackClock "0:00:16"]

1. e4 c6 2. d4 d5 3. e5 Bf5 4. Nd2 e6 5. Nb3 Nd7 6. Nf3 a5 7. a4 h6 8. Be2 Bh7 9. O-O Ne7 10. c4 dxc4 11. Bxc4 Nb6 12. Bd3 Bxd3 13. Qxd3 Ned5 14. Bd2 Be7 15. Nxa5 Qd7 16. b3 O-O 17. Nc4 Rfd8 18. Ba5 Nxc4 19. Bxd8 Nb2 20. Qd2 Bxd8 21. Qxb2 Nf4 22. b4 Qd5 23. b5 Qe4 24. bxc6 bxc6 25. Qb7 Nxg2 26. Qxa8 Nf4 27. Qxd8+ Kh7 28. Qh4 Qxf3 29. Rfd1 Qg2# 0-1


[Site "https://www.chess.com"]

[Event "Titled Tuesday Blitz November 08 Early 2022"]
[White "Manukian, Artak"]
[Black "Besedes, Danilo"]
[WhiteFideId "13301373"]
[BlackFideId "946796"]
[WhiteElo "2130"]
[BlackElo "2352"]
[Result "0-1"]
[Round "10"]
[TimeControl "180+1"]
[Date "2022.11.09"]
[WhiteClock "0:00:03"]
[BlackClock "0:00:20"]

1. e4 d6 2. d4 g6 3. c4 Bg7 4. Nc3 e5 5. d5 Nd7 6. Bd3 Nc5 7. Bc2 a5 8. Be3 Nf6 9. f3 O-O 10. g4 Nfd7 11. h4 f5 12. exf5 gxf5 13. Bxf5 Rxf5 14. gxf5 Nb6 15. Bxc5 dxc5 16. Qd3 Qf8 17. Nge2 Bxf5 18. Ne4 Bh6 19. N2g3 Bg6 20. h5 Be8 21. Kf2 Bd7 22. d6 cxd6 23. Qxd6 Qxd6 24. Nxd6 Rf8 25. Rhg1 Kh8 26. Nge4 Bc6 27. Ke2 Nc8 28. Nxc8 Rxc8 29. Nd6 Rf8 30. Rg3 Bf4 31. Rg2 e4 32. Nxe4 Be5 33. Rb1 a4 34. b3 axb3 35. axb3 Bd4 36. Rf1 Ra8 37. Nd6 Rf8 38. Rg3 Be5 39. Ne4 Bxe4 40. Rg5 Rf5 41. Rxf5 Bxf5 42. Ra1 Bd7 43. Ra7 Bc6 44. h6 Kg8 45. Ra8+ Kf7 46. Rc8 Kg6 47. f4 Bxf4 48. Kd3 Bxh6 49. Kc3 Bg7+ 50. Kd2 h5 51. Ke3 h4 52. Kf4 h3 53. Kg3 Be5+ 54. Kf2 h2 55. Rg8+ Kf7 56. Rg1 Bd4+ 0-1


[Site "https://www.chess.com"]

[Event "Titled Tuesday Blitz November 08 Early 2022"]
[White "Matlakov, Maxim"]
[Black "Artemiev, Vladislav"]
[WhiteFideId "4168003"]
[BlackFideId "24101605"]
[WhiteElo "2669"]
[BlackElo "2802"]
[Result "1-0"]
[Round "10"]
[TimeControl "180+1"]
[Date "2022.11.08"]
[WhiteClock "0:00:39"]
[BlackClock "0:00:03"]

1. Nf3 b6 2. e4 Bb7 3. Nc3 e6 4. d4 Bb4 5. Bd3 Nf6 6. Nd2 d5 7. e5 Nfd7 8. O-O Be7 9. Qg4 g6 10. Nf3 Ba6 11. Bxa6 Nxa6 12. Bh6 c6 13. Ne2 Bf8 14. Qf4 Bxh6 15. Qxh6 Qe7 16. Rac1 O-O-O 17. c4 dxc4 18. Rxc4 Kb7 19. Rfc1 Ndb8 20. a3 Nc7 21. h4 Nd5 22. Ng3 f5 23. exf6 Nxf6 24. Ne5 Rc8 25. b4 Rhd8 26. Qg5 Nd5 27. Qg4 Rf8 28. Ne2 Qd6 29. g3 Nd7 30. Qe4 Nxe5 31. dxe5 Qd7 32. Nd4 Qf7 33. f4 1-0


[Site "https://www.chess.com"]

[Event "Titled Tuesday Blitz November 08 Early 2022"]
[White "Matveeva, Olga"]
[Black "Fernandez Hernandez, Gerardo"]
[WhiteFideId "24107018"]
[BlackFideId "2207400"]
[WhiteElo "2055"]
[BlackElo "2231"]
[Result "0-1"]
[Round "10"]
[TimeControl "180+1"]
[Date "2022.11.09"]
[WhiteClock "0:00:04"]
[BlackClock "0:00:10"]

1. d4 Nf6 2. c4 c5 3. d5 b5 4. cxb5 a6 5. bxa6 g6 6. Nc3 Bg7 7. Nf3 O-O 8. g3 Bxa6 9. Bg2 d6 10. O-O Nbd7 11. Rb1 Qa5 12. Bd2 Qc7 13. b3 Nb6 14. Ne1 Bb7 15. Bg5 h6 16. Bf4 Nh5 17. Bd2 Nf6 18. Bf4 Nh5 19. Bd2 Nf6 20. Qc1 Nfxd5 21. Nxd5 Nxd5 22. Bxh6 Rxa2 23. Bxg7 Kxg7 24. Qc4 Nb4 25. Qc3+ f6 26. Rc1 Qb6 27. Qe3 Qc7 28. Nd3 Nxd3 29. Qxd3 Bxg2 30. Kxg2 Rfa8 31. b4 Qb7+ 32. f3 Qxb4 33. Qe3 Qb7 34. Rb1 Qd7 35. Rfd1 R8a3 36. Qe4 f5 37. Qc4 Qa4 38. Qxa4 Rxa4 39. Kf2 Rc2 40. Rb7 Kf6 41. h4 Raa2 42. Re1 c4 43. g4 d5 44. Rb6+ e6 45. g5+ Ke5 46. Rb7 d4 47. h5 gxh5 48. g6 d3 49. g7 Ra8 50. Rf7 Rg8 51. f4+ Ke4 52. Kg3 Rxe2 53. Ra1 Re3+ 54. Kf2 Rf3+ 55. Kg2 Rxf4 56. Re1+ Kd4 57. Rxe6 Rg4+ 58. Kf3 R8xg7 59. Rff6 Rg3+ 60. Kf2 Rg2+ 61. Kf1 d2 62. Rd6+ Kc3 63. Rxf5 Rg1+ 64. Ke2 R7g2+ 65. Rf2 Rxf2+ 66. Kxf2 d1=Q 67. Rd3+ Qxd3 0-1


[Site "https://www.chess.com"]

[Event "Titled Tuesday Blitz November 08 Early 2022"]
[White "Mazurkiewicz, Michal"]
[Black "Terzi, Alexei"]
[WhiteFideId "1124943"]
[BlackFideId "13505076"]
[WhiteElo "2063"]
[BlackElo "2172"]
[Result "0-1"]
[Round "10"]
[TimeControl "180+1"]
[Date "2022.11.09"]
[WhiteClock "0:00:47"]
[BlackClock "0:00:53"]

1. e4 c5 2. Nf3 Nc6 3. g3 g6 4. Bg2 Bg7 5. O-O e6 6. d3 Nge7 7. Re1 d6 8. c3 O-O 9. d4 cxd4 10. cxd4 e5 11. d5 Nd4 12. Nxd4 exd4 13. Nd2 Bd7 14. Nb3 Ba4 15. Qd3 Qb6 16. Bg5 Rfe8 17. Rac1 h6 18. Bd2 Bxb3 19. Qxb3 Nc8 20. Qa3 a5 21. Bh3 Ne7 22. Qb3 Qxb3 23. axb3 a4 24. b4 a3 25. bxa3 Rxa3 26. Rc7 b5 27. Bf4 Nxd5 28. exd5 Rxe1+ 29. Kg2 Be5 30. Bd7 Bxf4 31. gxf4 d3 32. Be8 Rxe8 0-1


[Site "https://www.chess.com"]

[Event "Titled Tuesday Blitz November 08 Early 2022"]
[White "Melikyan, Gnel"]
[Black "Kirillov, Dmitry"]
[WhiteFideId "54109990"]
[BlackFideId "34180572"]
[WhiteElo "2138"]
[BlackElo "2095"]
[Result "1-0"]
[Round "10"]
[TimeControl "180+1"]
[Date "2022.11.09"]
[WhiteClock "0:00:54"]
[BlackClock "0:00:05"]

1. d4 d5 2. c4 e6 3. Nc3 c6 4. e4 Bb4 5. exd5 exd5 6. Nf3 Nf6 7. Be2 O-O 8. O-O Bf5 9. cxd5 cxd5 10. Qb3 Nc6 11. Bg5 Bxc3 12. bxc3 Re8 13. Qxb7 Na5 14. Qb2 Rb8 15. Qd2 Ne4 16. Bxd8 Nxd2 17. Bxa5 Rxe2 18. Nxd2 Rxd2 19. Bb4 Be4 20. a4 f6 21. Rfd1 Rxd1+ 22. Rxd1 Bc2 23. Re1 Bxa4 24. Ra1 Bb3 25. Rxa7 Re8 26. h3 Bc2 27. Rd7 Bb3 28. Kh2 h6 29. Kg3 Kh7 30. h4 Kg6 31. h5+ Kxh5 32. Rxg7 Bc2 33. Kh3 Bg6 34. g4+ Kg5 35. f4+ Kxf4 36. Rxg6 Re3+ 37. Kh4 1-0


[Site "https://www.chess.com"]

[Event "Titled Tuesday Blitz November 08 Early 2022"]
[White "Mendez Fortes, Eduardo Jesus"]
[Black "Schmidt, Tobias"]
[WhiteFideId "3502376"]
[BlackFideId "1271683"]
[WhiteElo "2307"]
[BlackElo "2328"]
[Result "0-1"]
[Round "10"]
[TimeControl "180+1"]
[Date "2022.11.09"]
[WhiteClock "0:00:12"]
[BlackClock "0:00:05"]

1. e4 e5 2. Nf3 Nf6 3. d4 Nxe4 4. Bd3 Nc6 5. dxe5 Nc5 6. O-O Nxd3 7. cxd3 Be7 8. d4 d5 9. h3 O-O 10. Nc3 Be6 11. Ne2 Qd7 12. Nf4 Bf5 13. Re1 Be4 14. Be3 a5 15. Nd2 Bf5 16. Qb3 a4 17. Qxd5 Nb4 18. Qxd7 Bxd7 19. Rec1 g5 20. Rxc7 gxf4 21. Bxf4 Rfd8 22. Bh6 Nd5 23. Rcc1 Rac8 24. Ne4 Bf5 25. Ng3 Bc2 26. a3 Rc6 27. Bd2 Rdc8 28. f4 Bh4 29. Nh1 Be4 30. Rxc6 Rxc6 31. Be1 Rc2 32. Bf2 Nxf4 33. Re1 Bxf2+ 34. Nxf2 Ne2+ 35. Kh1 Ng3+ 36. Kg1 Bd5 37. Re3 Ne2+ 38. Kh2 Nxd4 39. Rg3+ Kf8 40. Nd3 Nf3+ 41. Kh1 Nh4 42. Nf4 Bc6 43. Rg4 Ng6 44. Nh5 Nxe5 45. Rg5 Nd3 46. Nf6 h6 47. Rg8+ Ke7 48. Nh5 Nf2+ 49. Kg1 Ne4 50. Nf4 Ng5 51. h4 Ne6 52. Nd3 Rd2 53. Ne5 Rxb2 54. Rb8 Rxg2+ 55. Kf1 Ra2 56. Ra8 Bg2+ 57. Ke1 Nf4 58. Nc4 Bd5 59. Ne3 Nd3+ 60. Kf1 Bf3 61. Nf5+ Kf6 62. Nd4 Ra1# 0-1


[Site "https://www.chess.com"]

[Event "Titled Tuesday Blitz November 08 Early 2022"]
[White "Mihailidis, Anastasios"]
[Black "Kuchava, Ana"]
[WhiteFideId "4205588"]
[BlackFideId "13605348"]
[WhiteElo "2312"]
[BlackElo "2001"]
[Result "1/2-1/2"]
[Round "10"]
[TimeControl "180+1"]
[Date "2022.11.09"]
[WhiteClock "0:00:02"]
[BlackClock "0:00:09"]

1. e4 c5 2. Nf3 d6 3. d4 cxd4 4. Nxd4 Nf6 5. f3 Nc6 6. c4 g6 7. Be3 Bg7 8. Nc3 O-O 9. Be2 a6 10. O-O Qc7 11. Rc1 Bd7 12. Nd5 Qd8 13. Nxc6 bxc6 14. Bb6 Qb8 15. Nxe7+ Kh8 16. c5 dxc5 17. Bxc5 Qxb2 18. e5 Qxe5 19. Re1 Qg5 20. Bf1 Rfe8 21. Qa4 Nd5 22. Nxd5 Qxd5 23. Bf2 Rxe1 24. Rxe1 c5 25. Qa5 Re8 26. Rxe8+ Bxe8 27. Qxc5 Qxc5 28. Bxc5 Bb5 29. Bxb5 axb5 30. Kf2 Kg8 31. Ke3 f5 32. Kd3 Kf7 33. Kc2 Ke6 34. Kb3 Kd5 35. Be7 Bd4 36. Bf8 Bg1 37. h3 Bf2 38. Kb4 Kc6 39. Kc3 Be1+ 40. Kd4 Bg3 41. Bb4 Bf4 42. Bf8 Bg3 43. Bg7 Bf4 44. Be5 Bc1 45. Bb8 Bb2+ 46. Ke3 Kd5 47. Kf4 Bc1+ 48. Kg3 Kc4 49. Bd6 b4 50. f4 Bd2 51. Kh4 Kd3 52. Kg5 Kc2 53. Kh6 Kb2 54. Kxh7 Kxa2 55. Bxb4 Bxb4 56. Kxg6 Bd2 57. Kxf5 Kb3 58. h4 Kc3 59. h5 Kd4 60. h6 Kd5 61. h7 Bc3 62. g4 Kd6 1/2-1/2


[Site "https://www.chess.com"]

[Event "Titled Tuesday Blitz November 08 Early 2022"]
[White "Mills, Morgen"]
[Black "Rosh Jain"]
[WhiteFideId "2013304"]
[BlackFideId "25789465"]
[WhiteElo "2266"]
[BlackElo "2233"]
[Result "1-0"]
[Round "10"]
[TimeControl "180+1"]
[Date "2022.11.09"]
[WhiteClock "0:00:59"]
[BlackClock "0:00:47"]

1. e4 c5 2. Nf3 d6 3. Bb5+ Bd7 4. Bxd7+ Qxd7 5. O-O Nc6 6. c3 Nf6 7. d4 cxd4 8. cxd4 Nxe4 9. d5 Nd8 10. Re1 Nf6 11. Bg5 h6 12. Bxf6 gxf6 13. Nc3 Bg7 14. Qd3 b6 15. Nd4 O-O 16. Nf5 e6 17. Nxg7 Kxg7 18. Re3 e5 19. Rg3+ Kh8 20. Rh3 Kg7 21. Rg3+ Kh8 22. Qf3 f5 23. Qh5 Kh7 24. Rh3 f6 25. Qxh6+ Kg8 26. Qh8+ Kf7 27. Rh7+ Kg6 28. Rh6+ Kg5 29. h4+ Kg4 1-0


[Site "https://www.chess.com"]

[Event "Titled Tuesday Blitz November 08 Early 2022"]
[White "Mouhamad, Joachim"]
[Black "Mirzoev, Azer"]
[WhiteFideId "656410"]
[BlackFideId "13400304"]
[WhiteElo "2164"]
[BlackElo "2525"]
[Result "1-0"]
[Round "10"]
[TimeControl "180+1"]
[Date "2022.11.09"]
[WhiteClock "0:00:30"]
[BlackClock "0:01:30"]

1. e4 c5 2. Nf3 d6 3. d4 cxd4 4. Nxd4 Nf6 5. Nc3 a6 6. f3 b5 7. Be3 e6 8. g4 b4 9. Nce2 Bb7 10. Qd2 d5 11. e5 Nfd7 12. f4 Qh4+ 13. Ng3 Qxg4 14. Be2 Qh4 15. f5 Nxe5 16. fxe6 Nc4 17. exf7+ Kxf7 18. Bxc4 dxc4 19. O-O+ Kg8 20. Ne6 Be7 21. Qd8+ Bxd8 22. Rf8# 1-0


[Site "https://www.chess.com"]

[Event "Titled Tuesday Blitz November 08 Early 2022"]
[White "Muminova, Nafisa"]
[Black "Ginzburg, Yakov"]
[WhiteFideId "14201526"]
[BlackFideId "4157176"]
[WhiteElo "2258"]
[BlackElo "2305"]
[Result "0-1"]
[Round "10"]
[TimeControl "180+1"]
[Date "2022.11.09"]
[WhiteClock "0:00:02"]
[BlackClock "0:00:06"]

1. e4 c5 2. Nf3 e6 3. d4 cxd4 4. Nxd4 Nf6 5. Bd3 Nc6 6. Nxc6 bxc6 7. O-O d5 8. e5 Nd7 9. Bf4 Qb6 10. Qc1 Ba6 11. Nc3 Bxd3 12. cxd3 Be7 13. Rb1 O-O 14. Re1 Rab8 15. Ne2 f6 16. exf6 Rxf6 17. Bxb8 Qxf2+ 18. Kh1 Nxb8 19. Ng3 Rh6 20. Rf1 Qd4 21. Qf4 Qxf4 22. Rxf4 Bd6 23. Rf3 Nd7 24. d4 Nf6 25. Re1 Kf7 26. Kg1 Rh4 27. Rd3 g6 28. Rf1 Ke7 29. Rc1 Kd7 30. Rf1 Be7 31. Ne2 Ne4 32. g3 Rg4 33. Rf7 h5 34. Kg2 Nd6 35. Rf1 Nf5 36. h3 Re4 37. Rf2 Bf6 38. Nf4 Bxd4 39. Re2 Rxe2+ 40. Nxe2 Bb6 41. Nf4 e5 42. Nxg6 e4 43. Rd2 Ne3+ 44. Kh1 Nf1 45. Rg2 d4 46. Nf4 d3 47. g4 h4 48. g5 d2 49. Rxd2+ Nxd2 50. g6 Bd4 51. Kg2 e3 52. b3 Ke7 53. Ne2 Bb2 54. Nf4 Kf6 55. Nd3 Bd4 56. Nf4 Kf5 57. Ne2 Bb2 58. a4 Kxg6 59. Nf4+ Kf5 60. Nd3 Bd4 61. b4 Ke4 62. Nc1 a6 63. Ne2 Be5 64. b5 axb5 65. axb5 cxb5 66. Nc1 b4 67. Ne2 b3 68. Nc1 b2 69. Ne2 b1=Q 70. Ng3+ hxg3 71. h4 Qf1# 0-1


[Site "https://www.chess.com"]